 Dungeon Crawl Stone Soup version 0.27.1-1-g398f81649c (webtiles) character file.

Game seed: 15628549135419666861

51 szrap the Sneak (level 3, -9/17 HPs)
             Began as a Spriggan Enchanter on Sept 20, 2021.
             Killed by divine providence
             ... invoked by an orc priest
              (11 damage)
             ... on level 2 of the Dungeon.
             The game lasted 00:10:26 (3225 turns).

szrap the Sneak (Spriggan Enchanter)                Turns: 3225, Time: 00:10:27

Health: -9/17      AC:  2    Str:  4    XL:     3   Next: 58%
Magic:  3/8        EV: 17    Int: 17    God:
Gold:   54         SH:  0    Dex: 15    Spells: 2/8 levels left

rFire    . . .     SeeInvis +   a - +1 dagger
rCold    . . .     Faith    .   (shield restricted)
rNeg     . . .     Spirit   .   b - +0 robe
rPois    .         Reflect  .   (helmet restricted)
rElec    .         Harm     .   (no cloak)
rCorr    .         Rampage  .   (gloves unavailable)
Will     .....                  (boots unavailable)
Stlth    +++.......             (no amulet)
HPRegen  0.05/turn              (no ring)
MPRegen  0.11/turn              (no ring)

@: very quick
A: very small, no large weapons, unfitting armour, see invisible, speed 3
a: no special abilities


You were on level 2 of the Dungeon.
You visited 1 branch of the dungeon, and saw 2 of its levels.

You collected 54 gold pieces.

Inventory:

Hand Weapons
 a - a +1 dagger (weapon)
Armour
 b - a +0 robe (worn)
Scrolls
 e - 2 scrolls of immolation
 h - a scroll of identify {unknown}
 i - a scroll of magic mapping {unknown}
 j - a scroll of fear {unknown}
Potions
 c - a potion of flight {unknown}
 d - 2 potions of mutation {unknown}
 f - 2 potions of attraction {unknown}
 g - a potion of berserk rage {unknown}
 k - a potion of degeneration {unknown}


   Skills:
 * Level 0.7 Fighting
 * Level 1.7 Short Blades
 * Level 3.1 Dodging
 + Level 4.9 Stealth
 * Level 3.4 Spellcasting
 + Level 3.9 Hexes


You had 2 spell levels left.
You knew the following spells:

 Your Spells              Type           Power      Damage    Failure   Level
a - Corona                Hex            17%        N/A       3%          1
b - Ensorcelled Hibernat  Hex/Ice        18%        N/A       11%         2
c - Confusing Touch       Hex            16%        N/A       10%         3

Your spell library contained the following spells:

 Spells                   Type           Power      Damage    Failure   Level
 Sublimation of Blood     Necr           1%         N/A       26%         2
 Tukima's Dance           Hex            16%        N/A       10%         3
 Dazzling Flash           Conj/Hex       18%        N/A       22%         3
 Ozocubu's Armour         Ice            3%         N/A       45%         3
 Petrify                  Tmut/Erth      2%         N/A       86%         4
 Metabolic Englaciation   Hex/Ice        4%         N/A       90%         5
 Irradiate                Conj/Tmut      1%         3d14      99%         5
 Simulacrum               Ice/Necr       1%         N/A       100%        6


Dungeon Overview and Level Annotations

Branches:
Dungeon (2/15)

Altars:
Ashenzari


Innate Abilities, Weirdness & Mutations

You are very small and have problems with some larger weapons.
You are too small for most types of armour.
You have supernaturally acute eyesight. (SInv)
You cover ground extremely quickly. (Speed+++)


Message History

Confirm with . or Enter, or press ? or * to list all spells.
Aiming: Ensorcelled Hibernation (safe; 11% risk of failure)
Press: ? - help, Shift-Dir - straight line, f - orc, p - orc priest
Aim: an orc, wielding a +0 dagger (chance to affect: 58%)
The orc priest is unaffected.
The orc priest completely misses you.
Casting: Ensorcelled Hibernation (safe; 11% risk of failure)
Confirm with . or Enter, or press ? or * to list all spells.
Aiming: Ensorcelled Hibernation (safe; 11% risk of failure)
Press: ? - help, Shift-Dir - straight line, f/p - orc
Aim: an orc, wielding a +0 dagger (chance to affect: 58%)
The orc priest is unaffected.
The orc priest hits you with a +0 short sword.
Unknown command.
You hit the orc priest.
The orc priest is lightly wounded.
The orc priest barely misses you.
Casting: Ensorcelled Hibernation (safe; 11% risk of failure)
Confirm with . or Enter, or press ? or * to list all spells.
Aiming: Ensorcelled Hibernation (safe; 11% risk of failure)
Press: ? - help, Shift-Dir - straight line, f - orc priest, p - orc
Aim: an orc priest, wielding a +0 short sword (lightly wounded, not susceptible)
Okay, then.
You hit the orc priest but do no damage.
The orc priest is lightly wounded.
You barely miss the orc priest.
The orc priest is lightly wounded.
The orc priest invokes the aid of Beogh against you.
Beogh smites you!
Ouch! That really hurt!
* * * LOW HITPOINT WARNING * * *
You hit the orc priest.
The orc priest is lightly wounded.
The orc priest closely misses you.
Unknown command.
You hit the orc priest.
The orc priest is moderately wounded.
The orc priest invokes the aid of Beogh against you.
Beogh smites you!
Ouch! That really hurt!
You die...

.........[..................+.
.............####g..........#.
...#######..# #.#########...
...#######..# #.. .....###..
#.........# #..≈...≈oo##.. #
#.........# .........o.#.. #'#
##.....)...# .........o⌠#..
....##..........###..........$#..
.>..'...........@ooo..≈...≈..##..
....##.._.......##o#........###..
.. #..........##.#.#########...
#..........##.#.............
#..#####....................
#........#.###.#..#.#.......
#........#.###.#..#.#.###..#
#........#.#.......).......#
#........#.#.##...###†##...#


You could see an orc priest and 3 orcs.

Vanquished Creatures
  An adder (D:2)
  A worm (D:2)
  A dart slug (D:1)
  An orc (D:2)
  4 endoplasms
  2 goblins (D:1)
  3 hobgoblins
  2 jackals
  A quokka (D:2)
  5 ball pythons
  7 bats
  A frilled lizard (D:2)
  3 kobolds
  3 rats
35 creatures vanquished.

Notes
Turn   | Place    | Note
-------+----------+-------------------------------------------
     0 | D:1      | szrap the Spriggan Enchanter began the quest for the Orb.
     0 | D:1      | Reached XP level 1. HP: 9/9 MP: 5/5
    50 | D:1      | Found a faded altar of an unknown god.
  1620 | D:1      | Reached XP level 2. HP: 13/13 MP: 6/6
  1678 | D:1      | Learned a level 2 spell: Ensorcelled Hibernation
  2690 | D:2      | Reached XP level 3. HP: 15/17 MP: 2/8
  2768 | D:2      | Learned a level 3 spell: Confusing Touch
  3176 | D:2      | Found a broken altar of Ashenzari.
  3225 | D:2      | Killed from afar by an orc priest

Illustrated notes

Levels and vault maps discovered:
D:1:      lightli_arrival_statue_moat, layout_basic,
          hellmonk_ecumenical_altar_blasted
D:2:      cheibrodos_pilgrimage, layout_basic, basic_altar, minmay_pentomino_s4,
          uniq_crazy_yiuf_cottage, uniq_terence

Skill      XL: |  1  2  3 |
---------------+----------+-----
Spellcasting   | 3 |  3.4
Dodging        | 3 |  3.1
Fighting       | |  0.7
Short Blades   | |  1.7
Stealth        | |  4.9
Hexes          | |  3.9

Action                   || total
-------------------------++-------
Melee: Dagger            ||   133
 Cast: Corona            ||    10
       Ensorcelled Hiber ||    34
  Use: Scroll            ||     1
 Stab: Sleeping          ||    19
Armor: Robe              ||    30
Dodge: Dodged            ||   149
